 Dungeon Crawl Stone Soup version 0.27.1 (webtiles) character file.

Game seed: 15451415351225208204

62 Kala the Chopper (level 4, -4/41 HPs)
             Began as a Hill Orc Berserker on Aug 30, 2021.
             Was a Follower of Trog.
             Slain by a gnoll (7 damage)
             ... on level 2 of the Dungeon.
             The game lasted 00:15:09 (1512 turns).

Kala the Chopper (Hill Orc Berserker)               Turns: 1512, Time: 00:15:10

Health: -4/41      AC:  5    Str: 20    XL:     4   Next: 8%
Magic:  4/4        EV: 11    Int:  7    God:    Trog [*.....]
Gold:   66         SH:  0    Dex: 10    Spells: 3/3 levels left

rFire    . . .     SeeInvis .   a - +0 hand axe
rCold    . . .     Faith    .   (no shield)
rNeg     . . .     Spirit   .   l - +0 ring mail
rPois    .         Reflect  .   (no helmet)
rElec    .         Harm     .   (no cloak)
rCorr    .         Rampage  .   (no gloves)
Will     .....                  (no boots)
Stlth    ..........             (no amulet)
HPRegen  0.13/turn              (no ring)
MPRegen  0.09/turn              (no ring)

@: on berserk cooldown, slowed, very slow
A: no striking features
a: Renounce Religion, Berserk


You were on level 2 of the Dungeon.
You worshipped Trog.
Trog was aware of your devotion.
You visited 1 branch of the dungeon, and saw 2 of its levels.

You collected 66 gold pieces.

Inventory:

Hand Weapons
 a - a +0 hand axe (weapon)
 e - a +0 spear
Missiles
 b - 20 bolts
 g - 33 arrows
 i - 19 poisoned darts (quivered)
Armour
 l - a +0 ring mail (worn)
Scrolls
 c - 2 scrolls of teleportation {unknown}
 f - a scroll of fear {unknown}
 h - a scroll of identify {unknown}
 j - a scroll of enchant weapon {unknown}
 k - a scroll of holy word {unknown}
Potions
 d - a potion of heal wounds {unknown}


   Skills:
 * Level 4.6 Fighting
 * Level 5.2 Axes
 + Level 2.3 Armour
 + Level 1.8 Dodging


You had 3 spell levels left.
You didn't know any spells.
Your spell library was empty.

Dungeon Overview and Level Annotations

Branches:
Dungeon (2/15)

Altars:


Message History

The gnoll completely misses you.
You hit the gnoll.
You kill the gnoll!
Trog accepts your kill. The gnoll barely misses you.
Your Axes skill increases to level 5!
The gnoll hits you with a +0 halberd!
You see here a +0 spear.
You slash the gnoll!
You kill the gnoll!
Trog accepts your kill.
You are no longer berserk.
You are exhausted.
You feel yourself slow down.
You hear a shout!
You have reached level 4!
A gnoll comes into view. It is wielding a +0 spear.
The gnoll throws a throwing net.
The throwing net barely misses you.
Things that are here:
a throwing net; a +0 spear; a gnoll corpse The gnoll throws a throwing net.
The throwing net hits you.
You become entangled in the net!
You see here a throwing net.
You struggle against the net.
You struggle against the net.
The gnoll hits you from afar with a +0 spear. x2
You shred the net and break free! The gnoll completely misses you.
The gnoll hits you from afar with a +0 spear!
* * * LOW HITPOINT WARNING * * *
The gnoll closely misses you. The gnoll hits you with a +0 spear.
* * * LOW HITPOINT WARNING * * *
You hit the gnoll.
The gnoll is lightly wounded.
The gnoll barely misses you.
You closely miss the gnoll.
The gnoll is lightly wounded.
The gnoll hits you with a +0 spear.
* * * LOW HITPOINT WARNING * * *
The gnoll hits you with a +0 spear!
You die...

#.# #. #.# ## #.#
####### #.# #.....#
#.# #.....# #.#
#.....# ##.###
#.....# #....#
#.....###### #...@#
#......w...#
#...g#####..........#
#.>....())...........
#....#######.#......#
###### #.#####... #.#
... ..# ... ..# ...
...# ...


You could see a gnoll.

Vanquished Creatures
  3 gnolls (D:2)
  An adder (D:2)
  A worm (D:2)
  5 ball pythons (D:1)
  An endoplasm (D:2)
  2 giant cockroaches
  A goblin (D:1)
  A hobgoblin (D:2)
  3 jackals (D:2)
  A quokka (D:2)
  A frilled lizard (D:2)
  A kobold (D:2)
  3 rats
24 creatures vanquished.

Vanquished Creatures (others)
  2 plants (D:1)
2 creatures vanquished.

Grand Total: 26 creatures vanquished

Notes
Turn   | Place    | Note
-------+----------+-------------------------------------------
     0 | D:1      | Kala the Hill Orc Berserker began the quest for the Orb.
     0 | D:1      | Reached XP level 1. HP: 19/19 MP: 1/1
   165 | D:1      | Reached XP level 2. HP: 20/27 MP: 2/2
  1134 | D:2      | Reached XP level 3. HP: 27/34 MP: 3/3
  1499 | D:2      | Reached skill level 5 in Axes
  1501 | D:2      | Reached XP level 4. HP: 23/41 MP: 4/4
  1512 | D:2      | Slain by a gnoll

Illustrated notes

Levels and vault maps discovered:
D:1:      dpeg_arrival_boxes_within_box, layout_rooms, grunt_decor_arrowhead,
          minmay_shallow_snake_nest
D:2:      layout_basic, minmay_misc_feat_tiny

Skill      XL: |  1  2  3 |
---------------+----------+-----
Fighting       | 4 |  4.6
Axes           | 5 |  5.2
Armour         | |  2.3
Dodging        | |  1.8

Action                   |  1- 3 |  4- 6 || total
-------------------------+-------+-------++-------
Melee: Hand axe          |   102 |     2 ||   104
Invok: Berserk           |     1 |       ||     1
Armor: Leather armour    |    18 |       ||    18
       Ring mail         |     9 |       ||     9
Dodge: Dodged            |    57 |     4 ||    61
